 Dungeon Crawl Stone Soup version 0.30-a0-726-gd89dcf765f (webtiles) character file.

Game seed: 10094334272512467174

13225 Laraso the Bludgeoner (level 12, -5/106 HPs)
             Began as a Meteoran Cinder Acolyte on Jan 30, 2023.
             Was a High Priest of Ignis.
             Slain by a blink frog (14 damage)
             ... on level 2 of the Lair of Beasts.
             The game lasted 00:14:34 (5610 turns).

Laraso the Bludgeoner (Meteoran Cinder Acolyte)     Turns: 5610, Time: 00:14:34

Health: -5/106     AC: 21    Str: 20    XL:     12   Next: 61%
Magic:  7/25       EV:  8    Int: 25    God:    Ignis [*****.]
Gold:   327        SH: 10    Dex: 11    Spells: 24/27 levels left

rFire   + + .      SeeInvis .    a - +4 eveningstar "Murmur" {flame, rPois Str-4 Int+6}
rCold   . . .      Faith    .    y - +0 buckler
rNeg    . . .      Spirit   .    q - +7 chain mail of Luwyttum {Fly}
rPois   +          Reflect  +    x - +0 helmet {Int+3}
rElec   .          Harm     .    m - +0 cloak
rCorr   .          Rampage  .    (no gloves)
Will    +....                    (no boots) Stlth
                                 o - amulet of reflection
HPRegen 0.37/turn                s - ring of protection from fire
MPRegen 0.19/turn                l - +6 ring of strength

@: flying, glowing
A: sense surroundings 2, otherworldly, glowing, explore regen, dopey 1
a: Renounce Religion, Fiery Armour, Foxfire Swarm, Rising Flame


You were on level 2 of the Lair of Beasts.
You worshipped Ignis.
Ignis was extremely pleased with you.
You visited 2 branches of the dungeon, and saw 10 of its levels.

You collected 496 gold pieces.
You spent 169 gold pieces at shops.

Inventory:

Hand Weapons
 a - the +4 eveningstar "Murmur" (weapon) {flame, rPois Str-4 Int+6}
   (You found it on level 8 of the Dungeon)

   Str:       It affects your strength (-4).
   Int:       It affects your intelligence (+6).
   rPois:     It protects you from poison.
 b - the +3 whip "Giantbane" {protect, *Corrode rN++ Int+2}
   (You found it on level 3 of the Dungeon)

   Int:       It affects your intelligence (+2).
   rN:        It greatly protects you from negative energy.
   *Corrode:  It may corrode you when you take damage.
Missiles
 w - a throwing net (quivered)
Armour
 m - a +0 cloak (worn)
 q - the +7 chain mail of Luwyttum (worn) {Fly}
   (You found it on level 6 of the Dungeon)

   Fly:       It grants you flight.
 x - a +0 helmet of intelligence (worn)
 y - a +0 buckler (worn)
Jewellery
 j - a ring of magical power
 l - a +6 ring of strength (right hand)
 o - an amulet of reflection (around neck)
 s - a ring of protection from fire (left hand)
Wands
 n - a wand of polymorph (13)
 r - a wand of paralysis (11)
 z - a wand of flame (3)
Scrolls
 c - 3 scrolls of enchant weapon
 e - 2 scrolls of torment
 f - 2 scrolls of teleportation
 g - 2 scrolls of magic mapping
 h - 2 scrolls of vulnerability
 p - a scroll of amnesia
 t - 3 scrolls of poison
 u - a scroll of immolation
 v - a scroll of identify
Potions
 d - a potion of magic
 k - 5 potions of curing
 A - a potion of brilliance
 B - a potion of flight


   Skills:
 - Level 10.0 Fighting
 * Level 15.4 Maces & Flails
 - Level 9.0 Armour
 - Level 3.0 Dodging
 * Level 4.5 Shields
 - Level 8.0 Spellcasting
 - Level 6.0 Necromancy
 - Level 3.6 Fire Magic


You had 24 spell levels left.
You knew the following spells:

 Your Spells              Type           Power      Damage    Failure   Level
a - Vampiric Draining     Necr           40%        2d8       16%         3

Your spell library contained the following spells:

 Spells                   Type           Power      Damage    Failure   Level
 Scorch                   Fire           56%        2d8       21%         2
 Slow                     Hex            40%        N/A       52%         1
 Agony                    Necr           40%        N/A       80%         5
 Confusing Touch          Hex            10%        N/A       87%         3
 Dazzling Flash           Conj/Hex       20%        N/A       87%         3
 Manifold Assault         Tloc           10%        N/A       99%         4
 Silence                  Hex/Air        5%         N/A       100%        5
 Dispersal                Tloc           5%         N/A       100%        6
 Disjunction              Tloc           5%         N/A       100%        8


Dungeon Overview and Level Annotations

Branches:
Dungeon (8/15) Zot: 335    Temple (0/1) D:5            Lair (2/5) D:8 Zot: 361
  Swamp: Lair:2-3    Shoals: Lair:2-3     Snake: Lair:2-3    Spider: Lair:2-3

Altars:
Elyvilon

Shops:
D:1 [(:   D:6 *   D:7 =


Innate Abilities, Weirdness & Mutations

You passively map the area around you.
You are easily found by Zot.
You glow in the dark.
You regain HP and MP as you explore.
You are dopey. (Int -2)


Message History

The blink frog hits you but does no damage.
The blink frog hits you.
The elephant tramples you but does no damage.
The elephant trunk-slaps you but does no damage.
The elephant attacks as you move away!
The elephant tramples you but does no damage.
You block the elephant's attack.
The blink frog attacks as you move away!
The blink frog hits you.
* * * LOW HITPOINT WARNING * * *
The blink frog hits you!
* * * LOW HITPOINT WARNING * * *
The blink frog blinks!
The water moccasin bites you but does no damage.
You see here a blink frog corpse.
The blink frog barely misses you. x2
As you read the scroll of teleportation, it crumbles to dust.
You feel strangely unstable. You block the blink frog's attack.
The water moccasin bites you but does no damage.
You block the blink frog's attack.
The blink frog blinks!
The water moccasin bites you but does no damage.
The blink frog blinks!
The blink frog blinks!
The elephant attacks as you move away! The elephant tramples you!
* * * LOW HITPOINT WARNING * * *
You block the elephant's attack.
The water moccasin attacks as you move away!
You block the water moccasin's attack.
Your surroundings seem slightly different.
The water moccasin bites you but does no damage.
You block the elephant's attack.
The elephant trunk-slaps you but does no damage.
The water moccasin bites you but does no damage.
You miss the blink frog.
The blink frog hits you but does no damage.
The water moccasin bites you but does no damage.
You block the blink frog's attack.
The blink frog attacks as you move away!
You block the blink frog's attack. The blink frog hits you!
You die...

########### ###########
##..##P.#.###.##P.##P.###########
.................................
................@..†.............
...........YYYY.F................
............†.SF.................
.................................
......††.........................
##.####........#P#.#..#P##.##.##.
#### #......####################
#......P# #......##


You could see 4 elephants, 2 blink frogs and a water moccasin.

Vanquished Creatures
  3 hydras
  Pikel (D:6)
  A cyclops (D:8)
  Joseph (Lair:1)
  2 cane toads (Lair:1)
  A black mamba (Lair:1)
  An efreet (D:8)
  5 komodo dragons
  5 blink frogs
  11 yaks
  3 wyverns
  A basilisk (Lair:1)
  Grum (D:8)
  2 steam dragons (D:8)
  A naga (D:8)
  5 water moccasins
  6 black bears
  4 ice beasts
  An orc warrior (D:7)
  A sky beast (D:7)
  6 wolves
  2 centaurs
  A phantom (D:6)
  4 lemures
  2 kobold brigands
  7 bullfrogs
  A gnoll sergeant (D:8)
  3 scorpions
  4 killer bees (D:4)
  An electric eel (D:8)
  4 howler monkeys (D:8)
  A gnoll bouda (D:8)
  4 orc priests
  3 hounds
  3 jellies
  2 iguanas
  6 orc wizards
  9 adders
  6 gnolls
  A shadow imp (D:4)
  An ufetubus (D:6)
  2 worms (D:2)
  A dart slug (D:1)
  27 orcs
  5 bats
  5 endoplasms
  A giant cockroach (D:3)
  8 goblins
  7 hobgoblins
  4 kobolds
  2 quokkas
  6 ball pythons
  3 frilled lizards
  2 rats (D:1)
200 creatures vanquished.

Vanquished Creatures (others)
  A fungus (Lair:1)
  5 plants
6 creatures vanquished.

Grand Total: 206 creatures vanquished

Notes
Turn   | Place    | Note
-------+----------+-------------------------------------------
     0 | D:1      | Laraso the Meteoran Cinder Acolyte began the quest for the
                  | Orb.
     0 | D:1      | Reached XP level 1. HP: 19/19 MP: 3/3
    98 | D:1      | Found Ataje's Book Shoppe.
   129 | D:1      | Found Wouk's Antique Weapon Boutique.
   138 | D:1      | Reached XP level 2. HP: 26/26 MP: 5/5
   299 | D:1      | Reached skill level 5 in Maces & Flails
   410 | D:1      | Reached XP level 3. HP: 31/31 MP: 6/6
   441 | D:1      | Found Ifotsoemes's Antique Armour Emporium.
   492 | D:1      | Glimpsed the power of Zot.
   643 | D:2      | Reached XP level 4. HP: 30/38 MP: 7/7
   661 | D:2      | Reached skill level 6 in Maces & Flails
  1488 | D:3      | Identified the +3 whip "Giantbane" {protect, *Corrode rN++
                  | Int+2}
  1555 | D:3      | Found a white marble altar of Elyvilon.
  1689 | D:3      | Glimpsed the power of Zot.
  1739 | D:3      | Glimpsed the power of Zot.
  1742 | D:4      | Reached XP level 5. HP: 45/45 MP: 8/8
  1941 | D:4      | Reached skill level 7 in Maces & Flails
  1941 | D:4      | Reached skill level 1 in Armour
  1941 | D:4      | Reached skill level 1 in Dodging
  1944 | D:4      | Reached XP level 6. HP: 40/52 MP: 9/9
  2193 | D:4      | Reached XP level 7. HP: 55/60 MP: 10/10
  2288 | D:5      | Entered Level 5 of the Dungeon
  2377 | D:5      | Reached skill level 5 in Fighting
  2463 | D:5      | Found a staircase to the Ecumenical Temple.
  2481 | D:5      | Reached skill level 8 in Maces & Flails
  2481 | D:5      | Reached XP level 8. HP: 54/68 MP: 11/11
  2653 | D:6      | Reached skill level 9 in Maces & Flails
  2737 | D:6      | Reached skill level 10 in Maces & Flails
  2916 | D:6      | Noticed Pikel
  3018 | D:6      | Killed Pikel
  3019 | D:6      | Reached skill level 12 in Maces & Flails
  3019 | D:6      | Gained mutation: You passively map the area around you.
                  | [Meteoran growth]
  3019 | D:6      | Reached XP level 9. HP: 43/74 MP: 14/14
  3023 | D:6      | Found Coghosef's Assorted Antiques.
  3048 | D:6      | Identified the +7 chain mail of Luwyttum {Fly}
  3063 | D:6      | Bought a metallic amethyst potion for 20 gold pieces
  3063 | D:6      | Bought a cloak for 103 gold pieces
  3063 | D:6      | Bought a scroll of identify for 46 gold pieces
  3592 | D:7      | Noticed Maggie
  3595 | D:7      | Maggie changed into Maggie the hound
  3595 | D:7      | Noticed Maggie
  3601 | D:7      | Killed Maggie the hound
  3602 | D:7      | Reached skill level 5 in Spellcasting
  3854 | D:7      | Found Wihelyv's Jewellery Shop.
  3864 | D:7      | Reached XP level 10. HP: 70/86 MP: 20/20
  3935 | D:7      | Reached skill level 5 in Armour
  4081 | D:8      | Noticed Maurice
  4084 | D:8      | Identified the +2 short sword "Xador" {heavy, rF+ rC- Int+3
                  | Stlth+}
  4085 | D:8      | Noticed Maurice
  4093 | D:8      | Killed Maurice the naga
  4198 | D:8      | Noticed an efreet
  4221 | D:8      | Killed an efreet
  4253 | D:8      | Noticed a cyclops
  4254 | D:8      | Noticed a four-headed hydra
  4270 | D:8      | Killed a four-headed hydra
  4286 | D:8      | Killed a cyclops
  4290 | D:8      | Identified the +0 chain mail of Hithiar {rElec Int+4}
  4291 | D:8      | Identified the +4 eveningstar "Murmur" {flame, rPois Str-4
                  | Int+6}
  4294 | D:8      | Identified the +10 trident "Nongah" {spect, +Blink}
  4332 | D:8      | Identified the +1 hand axe "Aloafeuh" {venom, Int+3}
  4339 | D:8      | Identified the +3 flail "Xunururhi" {heavy, rElec Will+
                  | Int+2}
  4391 | D:8      | Reached XP level 11. HP: 83/97 MP: 21/21
  4441 | D:8      | Noticed Grum
  4453 | D:8      | Killed Grum
  4457 | D:8      | Reached skill level 10 in Fighting
  4632 | D:8      | Found a staircase to the Lair.
  4738 | Lair:1   | Entered Level 1 of the Lair of Beasts
  4744 | Lair:1   | Reached skill level 13 in Maces & Flails
  4786 | Lair:1   | Learned a level 3 spell: Vampiric Draining
  4802 | Lair:1   | Reached skill level 1 in Necromancy
  4897 | Lair:1   | Reached skill level 14 in Maces & Flails
  4966 | Lair:1   | Noticed Joseph
  4966 | Lair:1   | Noticed a black mamba
  4973 | Lair:1   | Killed a black mamba
  4990 | Lair:1   | Killed Joseph
  4991 | Lair:1   | Reached XP level 12. HP: 60/106 MP: 24/24
  5192 | Lair:1   | Reached skill level 1 in Shields
  5261 | Lair:1   | Glimpsed the power of Zot.
  5313 | Lair:1   | Glimpsed the power of Zot.
  5330 | Lair:2   | Reached skill level 5 in Necromancy
  5354 | Lair:2   | Noticed a four-headed hydra
  5355 | Lair:2   | Noticed an eight-headed hydra
  5391 | Lair:1   | Killed an eight-headed hydra
  5392 | Lair:1   | Reached skill level 15 in Maces & Flails
  5502 | Lair:2   | Killed a four-headed hydra
  5525 | Lair:2   | HP: 2/106 [komodo dragon (20)]
  5567 | Lair:2   | Gained mutation: You are dopey. (Int -2) [potion of
                  | mutation]
  5610 | Lair:2   | Slain by a blink frog

Illustrated notes

Levels and vault maps discovered:
D:1:      lightli_arrival_flooded_house, layout_loops_ring, serial_shops, shop,
          nicolae_lakefront_shop, nicolae_shop_hallway_plus, nrook_uturn,
          minivault_26
D:2:      layout_basic, uniq_natasha
D:3:      layout_basic, general_overflow_altar
D:4:      layout_cave_pods
D:5:      layout_loops_ring, minmay_temple_entry_waves
D:6:      layout_basic, serial_shops, shop, minmay_fractal_squares_5, uniq_pikel
D:7:      layout_gridville, serial_shops, shop_statue,
          hangedman_decor_peaks_small, sigmund_army, uniq_maggie
D:8:      minmay_the_grid_plus_closed [minmay_the_grid_paths,
          minmay_the_grid_rooms, minmay_the_grid_garden, minmay_the_grid_spikes,
          minmay_the_grid_prize_diamond_cup], layout_basic,
          serial_co_window_serial, co_window_paths_a, co_window_paths_b,
          co_window_corner_a, co_window_paths_b, co_window_paths_b,
          co_window_paths_b, co_window_cross_1, co_window_of_opportunity_c,
          co_window_corner_b, co_window_2corner, co_window_of_opportunity_b,
          co_window_corner_b, co_window_paths_c, co_window_paths_d,
          glass_columns_a, glass_columns_a, glass_columns_b, glass_columns_a,
          uniq_maurice, uniq_grum
Lair:1:   layout_concentric_octagons, grunt_megastairs_3, uniq_joseph
Lair:2:   layout_big_grid, shoals_dummy_entry, dummy_spider_entry

Skill      XL: |  1  2  3  4  5  6  7  8  9 10 11 12 |
---------------+-------------------------------------+-----
Maces & Flails | 5 6 7 8 12 14 15 | 15.4
Armour         | 1 2 4 9 |  9.0
Dodging        | 1 2 3 |  3.0
Fighting       | 4 5 7 9 10 | 10.0
Spellcasting   | 2 6 7 8 |  8.0
Necromancy     | 4 6 |  6.0
Shields        | 4 |  4.5
Fire Magic     | |  3.6

Action                     |  1- 3 |  4- 6 |  7- 9 | 10-12 || total
---------------------------+-------+-------+-------+-------++-------
  Melee: Mace              |    69 |    63 |       |       ||   132
         Whip              |       |    70 |   447 |   140 ||   657
         Punch             |       |     3 |     4 |     3 ||    10
         Eveningstar       |       |       |       |   263 ||   263
   Cast: Vampiric Draining |       |       |       |    14 ||    14
  Evoke: Wand              |       |       |     4 |     1 ||     5
    Use: Scroll            |       |     9 |     6 |     4 ||    19
         Potion            |       |     1 |     1 |     5 ||     7
 Armour: Robe              |    10 |    21 |       |       ||    31
         Chain mail        |       |    46 |   222 |   278 ||   546
  Dodge: Dodged            |    37 |    58 |    77 |   132 ||   304
  Block: Other             |       |       |       |    58 ||    58
         Reflection        |       |       |       |     2 ||     2
         Buckler           |       |       |       |    68 ||    68

Table legend: (Time is in decaauts)
 A = Elapsed time spent in this place.
 B = Non-inter-level travel time spent in this place.
 C = Inter-level travel time spent in this place.
 D = Time resting spent in this place.
 E = Time spent auto-exploring this place.
 F = Levels seen in this place.
 G = Mean time per level.
                   A        B        C        D        E       F      G
               +--------+--------+--------+--------+--------+-----+--------+
         Total |   5301 |   5088 |    213 |    275 |   3032 |  10 |  530.1 |
       Dungeon |   4464 |   4284 |    180 |    175 |   2708 |   8 |  558.0 |
          Lair |    837 |    805 |     32 |    100 |    324 |   2 |  418.5 |
               +--------+--------+--------+--------+--------+-----+--------+

Top non-repeatable levels by time:
     D:3: 989 daAuts
     D:6: 794 daAuts
  Lair:1: 659 daAuts
     D:8: 610 daAuts
     D:4: 536 daAuts
     D:1: 507 daAuts
     D:7: 446 daAuts
     D:5: 326 daAuts
     D:2: 252 daAuts
  Lair:2: 177 daAuts
